 Dungeon Crawl Stone Soup version 0.29.0-7-g18a832c13a (webtiles) character file.

Game seed: 15926888770738746117

2356 inmateoo the Cleaver (level 9, 0/79 HPs)
             Began as a Minotaur Fighter on Sept 1, 2022.
             Slain by a two-headed ogre
             ... wielding a +0 giant club
              (27 damage)
             ... on level 8 of the Dungeon.
             The game lasted 00:04:45 (8027 turns).

inmateoo the Cleaver (Minotaur Fighter)             Turns: 8027, Time: 00:04:45

Health: 0/79       AC: 11    Str: 23    XL:     9   Next: 20%
Magic:  8/8        EV: 11    Int:  5    God:
Gold:   495        SH:  5    Dex: 12    Spells: 8/8 levels left

rFire   . . .      SeeInvis .   a - +1 war axe
rCold   . . .      Faith    .   c - +0 buckler
rNeg    . . .      Spirit   .   b - +1 scale mail
rPois   .          Reflect  .   (helmet restricted)
rElec   .          Harm     .   (no cloak)
rCorr   .          Rampage  .   (no gloves)
Will    .....                   w - +1 pair of boots
Stlth   ..........              y - amulet of the acrobat
HPRegen 0.23/turn               (no ring)
MPRegen 0.11/turn               (no ring)

@: no status effects
A: horns 2, retaliatory headbutt
a: no special abilities


You were on level 8 of the Dungeon.
You visited 2 branches of the dungeon, and saw 9 of its levels.

You collected 495 gold pieces.

Inventory:

Hand Weapons
 a - a +1 war axe (weapon)
Missiles
 x - 2 throwing nets (quivered)
Armour
 b - a +1 scale mail (worn)
 c - a +0 buckler (worn)
 w - a +1 pair of boots (worn)
Jewellery
 f - a ring of fire
 y - an amulet of the acrobat (around neck)
Scrolls
 i - 5 scrolls of teleportation
 k - a scroll of fear
 l - a scroll of enchant armour
 s - a scroll of fog
 t - a scroll of blinking
 u - 2 scrolls of poison
Potions
 d - a potion of might
 e - 4 potions of curing
 g - 3 potions of ambrosia {unknown}
 h - 2 potions of magic {unknown}
 j - 2 potions of heal wounds {unknown}
 m - 3 potions of haste {unknown}
 n - a potion of brilliance {unknown}
 o - 2 potions of mutation
 p - a potion of cancellation {unknown}
 q - a potion of berserk rage {unknown}
 r - 2 potions of lignification
 v - 2 potions of resistance {unknown}


   Skills:
 + Level 7.0 Fighting
 * Level 9.0 Axes
 + Level 6.9 Armour
 + Level 5.5 Dodging
 + Level 6.9 Shields


You had 8 spell levels left.
You didn't know any spells.
Your spell library contained the following spells:

 Spells                   Type           Power      Damage    Failure   Level
 Portal Projectile        Hex/Tloc       0%         N/A       99%         3
 Tukima's Dance           Hex            0%         N/A       99%         3
 Blade Hands              Tmut           0%         N/A       100%        5


Dungeon Overview and Level Annotations

Branches:
Dungeon (8/15)             Temple (1/1) D:6
   Lair: D:8-11

Altars:
Ashenzari
Cheibriados
Dithmenos
Elyvilon
Gozag
Hepliaklqana
Kikubaaqudgha
Nemelex Xobeh
Qazlal
Ru
Sif Muna
Uskayaw
Vehumet
Wu Jian
Xom
Yredelemnul
Zin

Annotations:
D:4 3 runed translucent doors, Galthrax's ghost, novice KoMo
D:7 3 runed translucent doors, 112233's ghost, novice OpAE


Innate Abilities, Weirdness & Mutations

You have a pair of horns on your head.
You reflexively headbutt those who attack you in melee.


Message History

You kill the orc warrior!
Your Axes skill increases to level 9!
Things that are here:
a +0 dagger; a +0 robe
y - an amulet of the acrobat You start resting.
You start putting on your amulet.
You continue putting on your amulet of the acrobat. x5
You finish putting on your amulet of the acrobat.
You feel ready to tumble and roll out of harm's way.
y - an amulet of the acrobat (around neck)
You start resting.
HP restored.
Found 5 stones.
You see here 5 stones.
g - 3 glowing coppery potions (gained 1)
You open the door.
There is an open door here.
You now have 495 gold pieces (gained 16).
There is an open door here.
A two-headed ogre comes into view. It is wielding two +0 giant clubs.
The two-headed ogre shouts in stereo!
You hear a shout!
A two-headed ogre is nearby!
A two-headed ogre is nearby!
An orc comes into view. It is wielding a +0 hand axe.
The two-headed ogre barely misses you. You furiously retaliate!
You headbutt the two-headed ogre. You block the two-headed ogre's attack.
There are monsters nearby!
You hit the two-headed ogre but do no damage.
You headbutt the two-headed ogre, but do no damage.
The two-headed ogre is lightly wounded.
The two-headed ogre hits you with a +0 giant club!!
The two-headed ogre barely misses you.
You hit the two-headed ogre.
The two-headed ogre is lightly wounded.
An orc comes into view. It is wielding a +0 short sword.
You hit the two-headed ogre.
The two-headed ogre is moderately wounded.
The two-headed ogre hits you with a +0 giant club!! x2
You die...

..............#..#
..#+###.......#..#
### #.......'..#
+..(....#..# ##
#.......#..# o..
#.......#..# ....
#.......+..# .....
#.......####......
+.........@Oo..#
#..............#
##+#####.......#
#.......#
+.......#
#.......#
###+###... ...


You could see a two-headed ogre and 2 orcs.

Vanquished Creatures
  Grum (D:8)
  3 orc warriors
  A water moccasin (D:8)
  A centaur (D:7)
  3 wolves
  2 ogres
  2 phantoms (D:7)
  A necrophage (D:4)
  2 scorpions
  3 wights (D:8)
  6 killer bees (D:6)
  5 orc priests
  A gnoll bouda (D:6)
  A hound (D:5)
  An iguana (D:5)
  A jelly (D:5)
  5 orc wizards
  4 gnolls
  6 adders
  A white imp (D:5)
  An ufetubus (D:5)
  7 worms
  3 dart slugs
  20 orcs
  4 bats (D:2)
  3 endoplasms
  5 giant cockroaches
  8 goblins
  5 hobgoblins
  8 kobolds
  3 quokkas
  7 ball pythons
  3 frilled lizards
  6 rats
  3 bushes (D:3)
136 creatures vanquished.

Notes
Turn   | Place    | Note
-------+----------+-------------------------------------------
     0 | D:1      | inmateoo the Minotaur Fighter began the quest for the Orb.
     0 | D:1      | Reached XP level 1. HP: 19/19 MP: 0/0
    59 | D:1      | Reached XP level 2. HP: 14/27 MP: 1/1
   857 | D:1      | Found a faded altar of an unknown god.
  1088 | D:2      | Reached skill level 1 in Dodging
  1102 | D:2      | Reached skill level 3 in Axes
  1203 | D:2      | Found a sacrificial altar of Ru.
  1211 | D:2      | Reached XP level 3. HP: 30/33 MP: 2/2
  1306 | D:2      | Identified the +2 leather armour "Jikec" {+Blink}
  1564 | D:2      | Reached XP level 4. HP: 40/40 MP: 3/3
  1962 | D:3      | Found an ornate altar of the Wu Jian Council.
  2488 | D:3      | Reached skill level 4 in Axes
  2493 | D:3      | Reached XP level 5. HP: 26/47 MP: 4/4
  2900 | D:4      | Noticed an ice beast
  2910 | D:4      | Found a runed translucent gate.
  2910 | D:4      | Found a runed translucent gate.
  2910 | D:4      | Found a runed translucent gate.
  3243 | D:4      | Found a broken altar of Ashenzari.
  3353 | D:4      | Noticed Galthrax's ghost (novice KoMo)
  3458 | D:5      | Entered Level 5 of the Dungeon
  3458 | D:5      | Found a shimmering altar of Xom.
  3481 | D:5      | Reached XP level 6. HP: 38/55 MP: 5/5
  3560 | D:5      | Reached skill level 5 in Axes
  3701 | D:5      | Reached skill level 5 in Fighting
  4059 | D:5      | Found a hide-covered altar of Uskayaw.
  4087 | D:5      | Found a hazy altar of Hepliaklqana.
  4414 | D:6      | Found a staircase to the Ecumenical Temple.
  4423 | D:6      | Reached skill level 5 in Armour
  4429 | D:6      | Reached skill level 5 in Shields
  4429 | D:6      | Reached XP level 7. HP: 55/61 MP: 6/6
  4437 | Temple   | Entered the Ecumenical Temple
  4574 | D:6      | Found a snail-covered altar of Cheibriados.
  4737 | D:6      | Found a shadowy altar of Dithmenos.
  4832 | D:6      | Found a sparkling altar of Nemelex Xobeh.
  4884 | D:6      | Reached skill level 6 in Axes
  5329 | D:6      | Reached XP level 8. HP: 7/70 MP: 7/7
  5332 | D:6      | HP: 3/70 [poisoned by a killer bee]
  5689 | D:7      | Reached skill level 7 in Axes
  6140 | D:7      | Found a runed translucent gate.
  6140 | D:7      | Found a runed translucent gate.
  6143 | D:7      | Found a runed translucent gate.
  6144 | D:7      | Noticed 112233's ghost (novice OpAE)
  6144 | D:7      | Noticed a spectral unseen horror
  6144 | D:7      | Noticed a spectral unseen horror
  6220 | D:7      | Found an ancient bone altar of Kikubaaqudgha.
  6459 | D:7      | Found a radiant altar of Vehumet.
  6568 | D:7      | Found a white marble altar of Elyvilon.
  6723 | D:8      | Noticed Grum
  6743 | D:7      | Reached skill level 8 in Axes
  7225 | D:8      | Killed Grum
  7226 | D:8      | Reached skill level 5 in Dodging
  7437 | D:8      | Reached XP level 9. HP: 36/74 MP: 8/8
  7674 | D:8      | Reached skill level 9 in Axes
  8021 | D:8      | Noticed a two-headed ogre
  8027 | D:8      | Slain by a two-headed ogre

Illustrated notes

Levels and vault maps discovered:
D:1:      arrival_zaba_pyramid, layout_basic,
          dreamdust_ecumenical_altar_hidden_monk_grotto
D:2:      layout_rooms, basic_altar
D:3:      layout_basic, amcnicky_altar_gilded, minmay_hedge_maze,
          chequers_serial_rivers_small_3
D:4:      layout_loops_ring, kennysheep_mini, gammafunk_ghost_icy
D:5:      layout_cave_pools, nicolae_hepliaklqana_hazy_memory,
          mainiacjoe_overflow_tiny_flanked, mainiacjoe_overflow_alcove_4
D:6:      layout_cave_pools, mainiacjoe_overflow_surrounded_room,
          nemelex_dance_club_becter, cheibriados_altar_1,
          minmay_temple_entry_drinking_statues
D:7:      layout_basic, lemuel_coloured_pillars_altar,
          mainiacjoe_overflow_24_doors, overflow_temple_1_default,
          gammafunk_ghost_necromancy
D:8:      layout_gridville, uniq_grum
Temple:   hellmonk_temple_beads

Skill      XL: |  1  2  3  4  5  6  7  8  9 |
---------------+----------------------------+-----
Dodging        | 1 2 3 4 5 |  5.5
Axes           | 3 4 5 6 8 9 |  9.0
Fighting       | 4 5 6 7 |  7.0
Armour         | 4 5 6 |  6.9
Shields        | 4 5 6 |  6.9

Action                   |  1- 3 |  4- 6 |  7- 9 || total
-------------------------+-------+-------+-------++-------
Melee: War axe           |    97 |   248 |   141 ||   486
       Headbutt          |     8 |    64 |    27 ||    99
Throw: Throwing net      |       |       |     1 ||     1
  Use: Scroll            |       |    14 |     2 ||    16
       Potion            |       |       |     1 ||     1
Armor: Scale mail        |    51 |    49 |    70 ||   170
Dodge: Dodged            |    43 |    54 |    98 ||   195
Block: Buckler           |    14 |    25 |    48 ||    87
